 Dungeon Crawl Stone Soup version 0.24-a0-230-g536ed4e33c (webtiles) character file.

Game seed: 11123619047507047281

167200 CedricTheThird the Champion of Chaos (level 17, -11/165 HPs)
             Began as a Deep Dwarf Fighter on Apr 3, 2019.
             Was the Champion of Makhleb.
             Mangled by an enormous slime creature (50 damage)
             ... on level 2 of the Swamp.
             The game lasted 01:19:25 (22789 turns).

CedricTheThird the Champion of Chaos (DDFi)        Turns: 22789, Time: 01:19:25

Health: -11/165    AC: 41    Str: 34    XL:     17   Next: 6%
Magic:  39/39 (21) EV: 15    Int: 14    God:    Makhleb [******]
Gold:   1103       SH: 10    Dex: 16    Spells: 16/16 levels left

rFire    + + .     SeeInvis +   C - +7 demon whip (elec)
rCold    + . .     Gourm    .   K - +2 buckler {AC+3}
rNeg     + . .     Faith    .   H - +0 gold dragon scales of Valour {rPois rF+ rC+ rCorr Str+8 SInv} (curse)
rPois    +         Spirit   .   j - +2 helmet "Ytuu" {MP+9 SInv}
rElec    +         Reflect  .   I - +1 cloak {+Inv}
rCorr    +         Harm     .   U - +3 pair of gauntlets of War {Slay+5}
MR       +++..                  O - +2 pair of boots of Proximity {Dex+4}
Stlth    ..........             D - amulet "Ywabraet" {Regen+ Slay+3}
HPRegen  0.00/turn              t - ring "Ipiorofo" {rElec MR+ MP+9 Int+2}
MPRegen  0.26/turn              w - +4 ring of protection

@: very slightly contaminated, non-regenerating, hasted, studying Fighting, very
quick
A: damage resistance, heal wounds, clever 1, fire resistance 1, low mp 1,
negative energy resistance 1, sense surroundings 2, no regeneration
}: 1/15 runes: decaying
a: Heal Wounds, Minor Destruction, Lesser Servant of Makhleb, Major Destruction,
Greater Servant of Makhleb, Renounce Religion, Evoke Invisibility


You were on level 2 of the Swamp.
You worshipped Makhleb.
Makhleb was exalted by your worship.
You were hungry.

You visited 5 branches of the dungeon, and saw 28 of its levels.
You also visited: Gauntlet.

You collected 2997 gold pieces.
You spent 1894 gold pieces at shops.

Inventory:

Hand Weapons
 C - a +7 demon whip of electrocution (weapon)
Armour
 c - a scarf of cloud immunity
 j - the +2 helmet "Ytuu" (worn) {MP+9 SInv}
   (You found it in a Gauntlet)

   It affects your magic capacity (+9).
   It lets you see invisible.
 H - the cursed +0 gold dragon scales of Valour (worn) {rPois rF+ rC+ rCorr Str+8 SInv}
   (You took it off a minotaur in a Gauntlet)

   It affects your strength (+8).
   It protects you from fire.
   It protects you from cold.
   It protects you from poison.
   It lets you see invisible.
   It provides partial protection from all sources of acid and corrosion.
   It has a curse placed upon it.
 I - a +1 cloak of invisibility (worn)
 K - a +2 buckler of protection (worn)
 O - the +2 pair of boots of Proximity (worn) {Dex+4}
   (You acquired it on level 14 of the Dungeon)

   It affects your dexterity (+4).
 U - the +3 pair of gauntlets of War (worn) {Slay+5}
   (You found it on level 6 of the Lair of Beasts)

   It affects your accuracy and damage with ranged weapons and melee attacks
   (+5).
Jewellery
 h - an uncursed amulet of faith
 i - an uncursed ring of protection from cold
 m - a cursed -3 ring of evasion {unknown}
 t - the ring "Ipiorofo" (left hand) {rElec MR+ MP+9 Int+2}
   (You found it on level 4 of the Dungeon)

   [ring of magical power]

   It affects your intelligence (+2).
   It insulates you from electricity.
   It affects your resistance to hostile enchantments.
   It affects your magic capacity (+9).
 w - a +4 ring of protection (right hand)
 D - the amulet "Ywabraet" (around neck) {Regen+ Slay+3}
   (You found it in a Gauntlet)

   [amulet of regeneration]

   It affects your accuracy and damage with ranged weapons and melee attacks
   (+3).
   It increases your rate of regeneration.
 F - an uncursed ring of protection from fire
 P - an uncursed amulet of guardian spirit {unknown}
 Q - an uncursed ring of flight {unknown}
 R - an uncursed ring of protection from magic {unknown}
 T - a cursed amulet of inaccuracy {unknown}
Wands
 a - a wand of paralysis (6)
 d - a wand of flame (22)
 x - a wand of disintegration (9)
 J - a wand of digging (4)
 V - a wand of acid (10)
 X - a wand of iceblast (3)
Scrolls
 b - 7 scrolls of remove curse
 k - 5 scrolls of fog
 l - a scroll of amnesia
 n - 3 scrolls of immolation
 r - 8 scrolls of magic mapping
 y - 2 scrolls of blinking
 E - 2 scrolls of identify
 L - 7 scrolls of teleportation
 M - 4 scrolls of enchant armour
 S - a scroll of fear
Potions
 e - 4 potions of might
 g - 3 potions of haste
 o - 6 potions of resistance
 p - 11 potions of curing
 q - 5 potions of heal wounds
 s - 3 potions of flight
 u - 6 potions of agility
 z - 3 potions of magic
 A - 2 potions of brilliance
 B - 2 potions of invisibility
 G - a potion of berserk rage
 N - a potion of cancellation
Books
 W - a manual of Fighting
Comestibles
 f - 35 rations
 v - a chunk of flesh


   Skills:
 + Level 13.9 Fighting
   Level 9.9(12.1) Axes
 - Level 10.7(12.0) Maces & Flails
 + Level 14.1 Armour
 + Level 13.8 Dodging
 + Level 14.1 Shields
 + Level 15.2 Invocations


You had 16 spell levels left.
You didn't know any spells.
Your spell library contained the following spells:

 Spells                   Type           Power        Failure   Level  Hunger
 Animate Skeleton         Necr           N/A          98%         1    ##.....
 Apportation              Tloc           #.....       98%         1    ##.....
 Beastly Appendage        Tmut           #.....       98%         1    ##.....
 Confusing Touch          Hex            #.....       98%         1    ##.....
 Corona                   Hex            #......      98%         1    ##.....
 Flame Tongue             Conj/Fire      #....        98%         1    ##.....
 Infusion                 Chrm           #...         98%         1    ##.....
 Sting                    Conj/Pois      #...         98%         1    ##.....
 Summon Small Mammal      Summ           #...         98%         1    ##.....
 Call Imp                 Summ           #.......     99%         2    ###....
 Poisonous Vapours        Pois/Air       #.....       99%         2    ###....
 Shroud of Golubria       Chrm/Tloc      #.........   99%         2    ###....
 Slow                     Hex            #.......     99%         2    ###....
 Song of Slaying          Chrm           #.......     99%         2    ###....
 Sticks to Snakes         Tmut           #.......     99%         2    ###....
 Throw Flame              Conj/Fire      #.....       99%         2    ###....
 Call Canine Familiar     Summ           #.......     100%        3    ####...
 Conjure Flame            Conj/Fire      #.......     100%        3    ####...
 Ignite Poison            Fire/Tmut/Pois #.......     100%        3    ####...
 Inner Flame              Hex/Fire       #.......     100%        3    ####...
 Mephitic Cloud           Conj/Pois/Air  #.......     100%        3    ####...
 Portal Projectile        Hex/Tloc       #.....       100%        3    ####...
 Spectral Weapon          Hex/Chrm       #.......     100%        3    ####...
 Spider Form              Tmut/Pois      #.........   100%        3    ####...
 Summon Guardian Golem    Hex/Summ       #.......     100%        3    ####...
 Cause Fear               Hex            #.........   100%        4    #####..
 Ice Form                 Ice/Tmut       #.......     100%        4    #####..
 Leda's Liquefaction      Hex/Erth       #.........   100%        4    #####..
 Olgreb's Toxic Radiance  Pois           #.......     100%        4    #####..
 Sticky Flame             Conj/Fire      #.......     100%        4    #####..
 Summon Ice Beast         Ice/Summ       #.......     100%        4    #####..
 Summon Lightning Spire   Summ/Air       #.......     100%        4    #####..
 Alistair's Intoxication  Tmut/Pois      #.......     100%        5    ######.
 Blade Hands              Tmut           #.........   100%        5    ######.
 Excruciating Wounds      Chrm/Necr      #.........   100%        5    ######.
 Fireball                 Conj/Fire      #.........   100%        5    ######.
 Iskenderun's Battlesphe  Conj/Chrm      #.......     100%        5    ######.
 Venom Bolt               Conj/Pois      #.........   100%        5    ######.
 Yara's Violent Unravell  Hex/Tmut       #.........   100%        5    ######.
 Statue Form              Tmut/Erth      #........    100%        6    #######
 Regeneration             Chrm/Necr      Unusable     N/A         3    N/A

Dungeon Overview and Level Annotations

Branches:
Dungeon (15/15)            Temple (1/1) D:7            Lair (6/6) D:10
  Swamp (4/4) Lair:2       Spider (0/4) Lair:2        Slime (0/5) Lair:6
    Orc (2/2) D:11            Elf (0/3) Orc:2        Vaults (0/5) D:14
 Depths (0/5) D:15

Altars:
Ashenzari
Cheibriados
Dithmenos
Elyvilon
Fedhas
Gozag
Hepliaklqana
Kikubaaqudgha
Makhleb
Nemelex Xobeh
Okawaru
Qazlal
Ru
Sif Muna
Trog
Uskayaw
Vehumet
Wu Jian
Xom
Yredelemnul
Zin
The Shining One
Beogh
Jiyva

Shops:
D:5 :   D:7 (   D:8 (   D:9 =:   D:10 =   D:15 (   Orc:2 !(**


Innate Abilities, Weirdness & Mutations

You are resistant to damage.
You can heal yourself by infusing magical energy.
You resist negative energy. (rN+)
You passively map the area around you.
You do not regenerate.
Your mind is acute. (Int +2)
Your flesh is heat resistant. (rF+)
Your magical capacity is low. (-10% MP)


Message History

Your unstable footing causes you to fumble your attack.
The slime creature closely misses you.
You block the large slime creature's attack.
The slime creature misses you.
You thrash the slime creature!!
Lightning courses through the slime creature!
You kill the slime creature!
Makhleb accepts your kill.
You whack the slime creature!
The slime creature is severely wounded.
The enormous slime creature hits you!!
* * * LOW HITPOINT WARNING * * *
The large slime creature hits you but does no damage.
The slime creature closely misses you.
Blink to where?
Press: ? - help, Dir - move target cursor
As you read the scroll of blinking, it crumbles to dust.
You feel much better.
You feel yourself speed up. The enormous slime creature hits you!!!
You die...

≈.≈≈≈.≈≈≈≈≈≈≈.♣
♣♣♣♣≈≈≈.♣♣≈.≈....
...≈≈≈♣♣..≈≈≈.♣
♣♣.♣♣♣♣♣♣♣♣♣♣♣≈≈
..≈≈≈♣*♣≈.≈≈≈.♣* .≈.
♣♣. ..^.♣
♣♣≈≈≈≈≈♣*≈≈≈≈ ≈ * ♣♣
.... ♣≈≈≈≈≈.♣♣♣.≈≈
≈≈≈ ♣♣.....♣♣♣≈.v≈ ,*
♣♣♣♣♣ ≈≈§
♣♣...≈♣≈.♣♣♣ * ♣♣≈≈..
≈..♣♣♣ ♣♣≈≈≈♣....≈♣
♣..≈≈. .≈J†≈♣♣
♣.≈≈.♣♣≈@≈≈♣ ♣♣≈...
≈≈≈...♣♣♣)..♣♣.JJ≈≈♣♣
♣♣♣♣♣
≈≈≈≈≈....≈≈≈≈♣..≈.≈.♣
≈..≈≈..≈≈≈≈≈≈J≈≈♣.≈≈♣
≈≈.....≈≈§≈≈≈.♣♣♣♣≈♣♣
.♣♣♣≈.....≈≈≈.♣ ♣♣ *
♣ ♣♣♣....†§≈.♣ *♣
♣♣≈♣♣..≈≈♣ ♣≈ ♣
♣♣♣♣♣..♣♣♣♣♣ ♣.


You could see an enormous slime creature, a large slime creature and a slime
creature.

Vanquished Creatures
  Bai Suzhen (Swamp:3)
  Rupert (Lair:3)
  Frances (Swamp:2)
  A thorn hunter (Swamp:2)
  4 very ugly things (Swamp:4)
  A minotaur (Gauntlet)
  2 ettins
  2 green deaths (Swamp:4)
  Snorg (Orc:1)
  A death ooze (Swamp:4)
  3 vault guards (D:14)
  A ghost crab (Swamp:4)
  2 shambling mangroves (Swamp:3)
  Harold (Lair:1)
  17 hydras
  2 hell beasts (Swamp:4)
  A merfolk avatar (Lair:6)
  4 centaur warriors
  A death knight (D:14)
  5 tengu warriors
  11 alligators
  9 two-headed ogres
  6 orc high priests (Orc:2)
  A death yak (Lair:6)
  Sonja (D:11)
  Nergalle (Lair:1)
  A sea snake (Lair:6)
  An unseen horror (D:10)
  7 swamp dragons
  A death drake (Gauntlet)
  5 skeletal warriors
  An orc knight (Orc:1)
  A wizard (D:14)
  2 harpies (Lair:6)
  A deep elf archer (D:14)
  A phantasmal warrior (D:14)
  A necromancer (D:14)
  A deep elf mage (D:13)
  A wolf spider zombie (D:14)
  A wolf spider (Lair:2)
  An oklob plant (Lair:6)
  6 ugly things
  2 manticores
  3 centaur zombies
  A spectral centaur (Gauntlet)
  16 elephants
  4 black mambas
  A torpor snail (Lair:6)
  2 orange demons (Swamp:4)
  25 spiny frogs
  5 rime drakes
  8 komodo dragons
  2 yaktaurs (D:14)
  A freezing wraith (D:14)
  3 tengu conjurers
  4 trolls
  A troll (shapeshifter) (D:15)
  16 hornets
  4 polar bears (Lair:6)
  Prince Ribbit (Lair:3)
  16 dream sheep
  12 bog bodies
  9 tyrant leeches
  7 blink frogs
  3 hippogriffs
  22 slime creatures
  A centaur simulacrum (D:15)
  8 spriggans
  8 shadows
  2 wraiths
  5 wyverns
  Eustachio (D:5)
  3 hungry ghosts
  18 humans (D:14)
  A large abomination (Swamp:4)
  2 basilisks
  A small abomination (Swamp:4)
  25 vampire mosquitoes
  The ghost of yrara the Skirmisher, an amateur DsFi (D:3)
  58 yaks
  12 insubstantial wisps
  5 wargs (Orc:2)
  Edmund (D:5)
  20 swamp worms
  16 water moccasins
  2 porcupines
  5 ice beasts
  9 swamp drakes
  12 orc warriors
  4 sky beasts
  3 phantoms
  3 black bears
  3 necrophages
  10 wolves (Lair:6)
  10 ogres
  3 boggarts (D:15)
  19 centaurs
  Blork the orc (D:5)
  3 big kobolds
  8 crocodiles
  19 bullfrogs
  A troll zombie (D:11)
  3 scorpions
  4 wights (D:7)
  2 howler monkeys (D:4)
  7 crimson imps
  9 hounds
  7 jellies
  3 bullfrog skeletons
  38 orc priests
  18 orc wizards
  3 centaur skeletons
  A gnoll shaman (D:8)
  An iguana (D:5)
  Ijyb (D:3)
  8 worker ants
  7 ogre zombies (D:11)
  4 hound skeletons
  Robin (D:2)
  8 gnolls (D:8)
  15 adders
  5 shadow imps
  2 adder skeletons (D:9)
  A worm (D:3)
  A dart slug (D:3)
  3 leopard geckos
  96 orcs
  6 giant cockroaches
  12 goblins
  4 hobgoblins
  A jackal (D:3)
  2 quokkas
  6 bats
  4 frilled lizards
  A goblin skeleton (D:11)
  3 goblin zombies (D:11)
  A hobgoblin zombie (D:11)
  A jackal skeleton (D:8)
  19 kobolds
  A leopard gecko skeleton (D:5)
  5 orc skeletons (D:11)
  15 orc zombies (D:11)
  5 rats
  A withered plant (Gauntlet)
919 creatures vanquished.

Vanquished Creatures (collateral kills)
  A hydra (Lair:1)
  A warg (Orc:2)
  3 orc priests (Orc:2)
  4 orcs (Orc:2)
9 creatures vanquished.

Vanquished Creatures (others)
  2 fungi
  7 plants
  A withered plant (Gauntlet)
10 creatures vanquished.

Grand Total: 938 creatures vanquished

Notes
Turn   | Place    | Note
-------+----------+-------------------------------------------
     0 | D:1      | CedricTheThird the Deep Dwarf Fighter began the quest for
                  | the Orb.
     0 | D:1      | Reached XP level 1. HP: 20/20 MP: 1/1
   232 | D:1      | Reached XP level 2. HP: 16/27 MP: 2/2
   488 | D:2      | Found a sparkling altar of Nemelex Xobeh.
   613 | D:2      | Reached XP level 3. HP: 19/33 MP: 3/3
   706 | D:2      | Noticed Robin
   768 | D:2      | Reached XP level 4. HP: 13/40 MP: 4/4
   773 | D:2      | Reached skill level 5 in Axes
   777 | D:2      | HP: 2/40 [Robin/+1 dagger of distortion (11)]
   783 | D:2      | Killed Robin
  1444 | D:3      | Noticed Ijyb
  1462 | D:3      | Killed Ijyb
  1462 | D:3      | Reached XP level 5. HP: 43/46 MP: 5/5
  1909 | D:3      | Found a runed translucent gate.
  1910 | D:3      | Found a runed translucent gate.
  1911 | D:3      | Found a runed translucent gate.
  1913 | D:3      | Noticed yrara's ghost (amateur DsFi)
  1979 | D:3      | Killed yrara's ghost
  1979 | D:3      | Reached skill level 1 in Dodging
  1979 | D:3      | Reached XP level 6. HP: 11/56 MP: 6/6
  2454 | D:4      | Found a basalt altar of Yredelemnul.
  2455 | D:4      | Found a radiant altar of Vehumet.
  2474 | D:4      | Got a bound bronze ring
  2483 | D:4      | Identified the ring "Ipiorofo" {rElec MR+ MP+9 Int+2} (You
                  | found it on level 4 of the Dungeon)
  2566 | D:4      | Found a sacrificial altar of Ru.
  2765 | D:5      | Entered Level 5 of the Dungeon
  2795 | D:5      | Reached XP level 7. HP: 55/62 MP: 7/7
  2903 | D:5      | Noticed Edmund
  2935 | D:5      | Killed Edmund
  3042 | D:5      | Found a glowing silver altar of Zin.
  3304 | D:5      | Noticed Eustachio
  3318 | D:5      | Killed Eustachio
  3318 | D:5      | Reached XP level 8. HP: 46/72 MP: 8/8
  3338 | D:5      | Reached skill level 5 in Armour
  3369 | D:5      | Noticed Blork the orc
  3381 | D:5      | Killed Blork the orc
  3488 | D:5      | Reached skill level 5 in Shields
  3782 | D:5      | Found Linefoal's Book Shoppe.
  4450 | D:7      | Found a staircase to the Ecumenical Temple.
  4457 | Temple   | Entered the Ecumenical Temple
  4516 | Temple   | Became a worshipper of Makhleb the Destroyer
  4624 | D:7      | Gained mutation: You passively map the area around you.
                  | [Deep Dwarf growth]
  4624 | D:7      | Reached XP level 9. HP: 45/79 MP: 9/9
  4843 | D:7      | Found Ynumiom's Antique Weapon Shoppe.
  4905 | D:7      | Reached skill level 5 in Fighting
  4905 | D:7      | Reached skill level 1 in Invocations
  5201 | D:7      | Found a white marble altar of Elyvilon.
  5213 | D:7      | Found a glowing silver altar of Zin.
  5271 | D:7      | Reached skill level 5 in Dodging
  5418 | D:8      | Reached skill level 2 in Invocations
  5547 | D:8      | Reached * piety under Makhleb
  5597 | D:8      | Paralysed by a hornet for 1 turns
  5618 | D:8      | Reached skill level 3 in Invocations
  5768 | D:8      | Found a hazy altar of Hepliaklqana.
  5978 | D:8      | Reached XP level 10. HP: 85/90 MP: 11/11
  6081 | D:8      | Reached skill level 1 in Maces & Flails
  6101 | D:8      | Found Ykhlutorgh's Weapon Emporium.
  6333 | D:9      | Noticed a two-headed ogre
  6351 | D:8      | Killed a two-headed ogre
  6493 | D:9      | Reached ** piety under Makhleb
  6622 | D:9      | Noticed a two-headed ogre
  6653 | D:9      | Killed a two-headed ogre
  6747 | D:9      | Noticed a two-headed ogre
  6756 | D:9      | Killed a two-headed ogre
  7116 | D:9      | Found Gedegugg's Book Shoppe.
  7235 | D:10     | Entered Level 10 of the Dungeon
  7320 | D:10     | Reached XP level 11. HP: 80/96 MP: 12/12
  7418 | D:10     | Reached *** piety under Makhleb
  7445 | D:10     | Killed an unseen horror
  7505 | D:10     | Found Etewn's Jewellery Shop.
  7587 | D:9      | Reached skill level 4 in Invocations
  7780 | D:10     | Found a staircase to the Lair.
  7850 | D:10     | Noticed a two-headed ogre
  7862 | D:10     | Killed a two-headed ogre
  8014 | D:9      | Reached skill level 10 in Maces & Flails
  8060 | D:7      | Bought a runed demon whip for 612 gold pieces
  8164 | Lair:1   | Entered Level 1 of the Lair of Beasts
  8187 | Lair:1   | Found a gate leading to a gauntlet.
  8194 | Gauntlet | Entered a Gauntlet
  8194 | Gauntlet | Found a transporter.
  8208 | Gauntlet | Found a transporter.
  8210 | Gauntlet | Found a transporter.
  8210 | Gauntlet | Found a transporter.
  8242 | Gauntlet | Found a transporter.
  8247 | Gauntlet | Got a scorched helmet
  8258 | Gauntlet | Identified the +2 helmet "Ytuu" {MP+9 SInv} (You found it
                  | in a Gauntlet)
  8264 | Gauntlet | Found a transporter.
  8304 | Gauntlet | Noticed a tengu warrior
  8304 | Gauntlet | Found a transporter.
  8305 | Gauntlet | Found a transporter.
  8372 | Gauntlet | Killed a tengu warrior
  8372 | Gauntlet | Reached skill level 5 in Invocations
  8389 | Gauntlet | Got a transparent pewter amulet
  8391 | Gauntlet | Identified the amulet "Ywabraet" {Regen+ Slay+3} (You found
                  | it in a Gauntlet)
  8435 | Gauntlet | Found a transporter.
  8455 | Gauntlet | Noticed a death drake
  8455 | Gauntlet | Found a transporter.
  8465 | Gauntlet | Killed a death drake
  8644 | Gauntlet | Noticed a death yak
  8644 | Gauntlet | Noticed a death yak
  8644 | Gauntlet | Found a transporter.
  8645 | Gauntlet | Found the +3 crown of Dyrovepreva {rElec Int+2 SInv}
  8652 | Gauntlet | Identified the +6 broad axe of the Spectre {flame, rF-
                  | Str+4 Dex+5}
  8652 | Gauntlet | Identified the cursed +0 gold dragon scales of Valour
                  | {rPois rF+ rC+ rCorr Str+8 SInv}
  8652 | Gauntlet | Identified the ring of Past Mistakes {*Slow rC+ rN+ MP+9
                  | Slay+3}
  8652 | Gauntlet | Noticed a minotaur
  8675 | Gauntlet | Killed a minotaur
  8694 | Gauntlet | Identified the Almanac of Protection
  8695 | Gauntlet | Found the +8 trident of the Octopus King {venom, rElec
                  | rPois MR+}
  8701 | Gauntlet | Identified Sif Muna's Collected Works on the Blaze and
                  | Moulding
  8725 | Gauntlet | Found a transporter.
  8725 | Gauntlet | Noticed a death yak
  8725 | Gauntlet | Noticed a death yak
  8725 | Gauntlet | Noticed a death yak
  8727 | Gauntlet | Noticed a necromancer
  8937 | Lair:1   | Noticed Harold
  8938 | Lair:1   | Identified the +7 flail "Sentilarph" {holy, Dex+3}
  8950 | Lair:1   | Killed Harold
  9102 | Lair:1   | Reached skill level 6 in Invocations
  9130 | Lair:1   | Noticed Nergalle
  9142 | Lair:1   | Killed Nergalle
  9142 | Lair:1   | Reached XP level 12. HP: 73/106 MP: 13/13
  9215 | Lair:1   | Noticed a seven-headed hydra
  9281 | Lair:1   | Killed a seven-headed hydra
  9762 | Lair:2   | Found a hole to the Spider Nest.
  9887 | Lair:2   | Reached skill level 7 in Invocations
 10151 | Lair:2   | Found a staircase to the Swamp.
 10581 | Lair:3   | Reached **** piety under Makhleb
 10755 | Lair:3   | Noticed Rupert
 10786 | Lair:3   | Killed Rupert
 10786 | Lair:3   | Reached skill level 8 in Invocations
 10897 | Lair:3   | Noticed Prince Ribbit
 10902 | Lair:3   | Killed Prince Ribbit
 11303 | Lair:4   | Reached XP level 13. HP: 109/117 MP: 16/16
 11454 | Lair:4   | Reached skill level 9 in Invocations
 12448 | Lair:5   | Reached skill level 10 in Armour
 12459 | Lair:5   | Reached skill level 10 in Shields
 12469 | Lair:5   | Reached ***** piety under Makhleb
 12895 | Lair:6   | Entered Level 6 of the Lair of Beasts
 12921 | Lair:6   | Reached skill level 10 in Invocations
 13027 | Lair:6   | Found a sacrificial altar of Ru.
 13075 | Lair:6   | Reached skill level 10 in Dodging
 13259 | Lair:6   | Gained mutation: You resist negative energy. (rN+) [Deep
                  | Dwarf growth]
 13259 | Lair:6   | Reached XP level 14. HP: 129/129 MP: 19/19
 13563 | Lair:6   | Reached skill level 11 in Invocations
 13615 | Lair:6   | Found a viscous altar of Jiyva.
 13616 | Lair:6   | Found a staircase to the Slime Pits.
 13845 | Lair:6   | Found the +3 pair of gauntlets of War {Slay+5}
 14249 | D:11     | Reached ****** piety under Makhleb
 14294 | D:11     | Noticed Sonja
 14325 | D:11     | Killed Sonja
 14382 | D:11     | Found a staircase to the Orcish Mines.
 14540 | D:11     | Found an ornate altar of the Wu Jian Council.
 14973 | Orc:1    | Entered Level 1 of the Orcish Mines
 15026 | Orc:1    | Noticed Snorg
 15037 | Orc:1    | Killed Snorg
 15356 | Orc:2    | Entered Level 2 of the Orcish Mines
 15397 | Orc:2    | Reached skill level 10 in Fighting
 15466 | Orc:2    | Reached skill level 12 in Invocations
 15547 | Orc:2    | Found a roughly hewn altar of Beogh.
 15622 | Orc:2    | Found a roughly hewn altar of Beogh.
 15635 | Orc:2    | Found Dughuodese's Antique Weapon Shoppe.
 15635 | Orc:2    | Found Futsaesma's Distillery.
 15932 | Orc:2    | Found Ycusy's Assorted Antiques.
 15932 | Orc:2    | Found Taco's Assorted Antiques.
 15990 | Orc:2    | Bought a potion of agility for 68 gold pieces
 16094 | Orc:2    | Found a staircase to the Elven Halls.
 16651 | D:5      | Bought a manual of Fighting for 1214 gold pieces
 17044 | D:12     | Gained mutation: Your magical capacity is low. (-10% MP)
                  | [potion of mutation]
 17044 | D:12     | Gained mutation: Your mind is acute. (Int +2) [potion of
                  | mutation]
 17044 | D:12     | Gained mutation: Your flesh is heat resistant. (rF+)
                  | [potion of mutation]
 17049 | D:12     | Identified a scroll of acquirement
 17593 | D:13     | Reached XP level 15. HP: 140/140 MP: 18/18
 18112 | D:14     | Found an opulent altar of Gozag.
 18151 | D:14     | Found a viscous altar of Jiyva.
 18558 | D:14     | Found a gate to the Vaults.
 18590 | D:14     | Reached skill level 13 in Invocations
 18627 | D:14     | Got a pair of steaming boots
 18638 | D:14     | Identified the +2 pair of boots of Proximity {Dex+4} (You
                  | acquired it on level 14 of the Dungeon)
 18953 | D:15     | Entered Level 15 of the Dungeon
 19350 | D:15     | Found Macus's Antique Weapon Shop.
 19423 | D:15     | Found a staircase to the Depths.
 19800 | Swamp:1  | Entered Level 1 of the Swamp
 20736 | Swamp:2  | Noticed a thorn hunter
 20761 | Swamp:2  | Killed a thorn hunter
 20816 | Swamp:2  | You fall through a shaft!
 20823 | Swamp:3  | Reached XP level 16. HP: 152/152 MP: 20/20
 20833 | Swamp:4  | Entered Level 4 of the Swamp
 21156 | Swamp:4  | Reached skill level 14 in Invocations
 21451 | Swamp:4  | Got a decaying rune of Zot
 22107 | Swamp:3  | Noticed Bai Suzhen
 22137 | Swamp:3  | Killed Bai Suzhen
 22155 | Swamp:3  | Reached skill level 15 in Invocations
 22688 | Swamp:2  | Noticed Frances
 22697 | Swamp:2  | Reached XP level 17. HP: 165/165 MP: 22/22
 22703 | Swamp:2  | Killed Frances
 22789 | Swamp:2  | Mangled by an enormous slime creature

Levels and vault maps discovered:
D:1:      scummos_arrival_checkerplants, layout_rooms, roderic_st_hans_cross
D:2:      layout_loops_ring, nicolae_overflow_hidden_temple, first_ration,
          uniq_robin
D:3:      layout_basic, gammafunk_ghost_split, uniq_ijyb
D:4:      layout_rooms, nicolae_ru_awakened_eye,
          chequers_temple_overflow_statue_of_worship
D:5:      layout_layer_cave, serial_shops, kennysheep_mini, basic_altar,
          uniq_eustachio, uniq_blork_the_orc, uniq_edmund
D:6:      layout_rooms
D:7:      layout_basic, minitemple, temple_green, serial_shops, shop
D:8:      layout_loops_ring, lemuel_doored_altar, serial_shops, shop
D:9:      layout_irregular_city, serial_shops, nicolae_shop_behind_doors
D:10:     layout_cave_pools, david_lair_shrubbed, serial_shops, shop,
          hangedman_stone_soup
D:11:     layout_roguey, zombieorc2_lemuel, basic_altar, uniq_sonja
D:12:     lemuel_flame_loot_2, layout_loops_cross
D:13:     layout_roguey
D:14:     layout_loops_ring, grunt_vaults_entry_tiered,
          nicolae_gozag_seed_capital, jiyva_altar_1
D:15:     hangedman_depths_entry_civil_slaughter, layout_cave_pools,
          serial_shops, nicolae_shop_behind_doors
Temple:   regret_index_temple_waves
Lair:1:   layout_regular_city, gauntlet_entry_generic, uniq_harold,
          uniq_nergalle
Lair:2:   layout_regular_city, skrybe_swamp_entry_bodies,
          spider_nest_entry_rubble
Lair:3:   layout_long_grid, infiniplex_staircase_pool_2, uniq_prince_ribbit2,
          uniq_rupert
Lair:4:   layout_regular_city
Lair:5:   layout_regular_city, grunt_megastairs_2
Lair:6:   gammafunk_lair_ancient_temple, layout_regular_city, slime_altar_1,
          lemuel_oklob_altar
Swamp:1:  layout_basic_swamp, hangedman_swamp_ruin_hall, swamp_pool1
Swamp:2:  layout_basic_swamp, nicolae_swamp_stair_fork, uniq_frances
Swamp:3:  layout_falls_marsh, evilmike_swamp_ruin_house_1, uniq_bai_suzhen
Swamp:4:  swamp_vile, layout_basic_swamp
Orc:1:    layout_diamond_mine, uniq_snorg
Orc:2:    st_orc_town, layout_caves, special_room, basic_altar
Gauntlet: gammafunk_gauntlet_one_two_three
          [gammafunk_gauntlet_arena_arrow_garden, nicolae_gauntlet_swirl,
          gammafunk_gauntlet_arena_split_x, nicolae_gauntlet_arena_t_cross,
          nicolae_gauntlet_arena_blocks, gammafunk_gauntlet_arena_mazey,
          nicolae_gauntlet_arena_flowing_pool, gammafunk_gauntlet_arena_grid,
          gammafunk_gauntlet_arena_crates,
          nicolae_gauntlet_exit_dead_adventurers]

Skill      XL: |  1  2  3  4  5  6  7  8  9 10 11 12 13 14 15 16 |
---------------+-------------------------------------------------+-----
Axes           | 3 4 5 6 7 9 |  9.9
Fighting       | 3 4 5 6 8 9 10 12 13 | 13.9
Dodging        | 1 2 3 4 5 7 8 10 11 12 13 | 13.8
Armour         | 4 5 6 8 9 10 12 13 14 | 14.1
Shields        | 4 5 6 7 9 10 12 13 14 | 14.1
Invocations    | 3 6 8 10 12 13 15 | 15.2
Maces & Flails | 9 10 | 10.7

Action                   |  1- 3 |  4- 6 |  7- 9 | 10-12 | 13-15 | 16-18 || total
-------------------------+-------+-------+-------+-------+-------+-------++-------
Melee: War axe           |   111 |   133 |   490 |       |       |       ||   734
       Morningstar       |       |       |     9 |   334 |       |       ||   343
       Demon whip        |       |       |       |   347 |  1527 |   615 ||  2489
Invok: Lesser Servant of |       |       |       |     4 |       |       ||     4
       Greater Servant o |       |       |       |       |     2 |     1 ||     3
       Major Destruction |       |       |       |       |     1 |       ||     1
 Abil: Heal Wounds       |       |     5 |     8 |     6 |       |     2 ||    21
Evoke: Wand              |       |       |       |     2 |       |       ||     2
  Use: Scroll            |       |     7 |    11 |     8 |    13 |     4 ||    43
       Potion            |       |       |     1 |     5 |     2 |     1 ||     9
 Stab: Confused          |       |       |       |       |     1 |       ||     1
  Eat: Chunk             |       |     6 |    11 |    14 |    23 |     4 ||    58
       Ration            |       |       |     1 |     1 |     3 |     1 ||     6
Armor: Scale mail        |    24 |       |       |       |       |       ||    24
       Chain mail        |    47 |    76 |   233 |       |       |       ||   356
       Skin              |       |     9 |       |       |       |       ||     9
       Plate armour      |       |       |     4 |   287 |       |       ||   291
       Gold dragon scale |       |       |       |    93 |   648 |   329 ||  1070
Dodge: Dodged            |    40 |    24 |   116 |   165 |   545 |   276 ||  1166
Block: Shield            |    63 |    64 |   252 |   237 |       |       ||   616
       Buckler           |       |       |       |    53 |   511 |   270 ||   834

Table legend:
 A = Non-vault XP
 B = Vault XP
 C = Vault XP percentage of total XP
 D = Non-vault monster count
 E = Vault monster count
 F = Vault count percentage of total count
                 A         B        C        D         E       F
            +---------+---------+-------+---------+---------+-------
      Total |  144518 |   75768 |  34.4 |     689 |     238 |  25.7
            +---------+---------+-------+---------+---------+-------
        D:1 |      16 |       0 |   0.0 |      12 |       0 |   0.0
        D:2 |      97 |      32 |  24.8 |      16 |      11 |  40.7
        D:3 |      74 |     229 |  75.6 |      15 |       6 |  28.6
        D:4 |     155 |       0 |   0.0 |       5 |       0 |   0.0
        D:5 |     705 |     470 |  40.0 |      21 |       3 |  12.5
        D:6 |     887 |       0 |   0.0 |      12 |       0 |   0.0
        D:7 |    1131 |       0 |   0.0 |      23 |       0 |   0.0
        D:8 |    2798 |       0 |   0.0 |      40 |       0 |   0.0
        D:9 |    5080 |       0 |   0.0 |      33 |       0 |   0.0
       D:10 |    2654 |     637 |  19.4 |      14 |       5 |  26.3
       D:11 |    3892 |    1546 |  28.4 |      40 |      37 |  48.1
       D:12 |    2327 |       0 |   0.0 |      26 |       0 |   0.0
       D:13 |    9044 |       0 |   0.0 |      33 |       0 |   0.0
       D:14 |    7630 |   10420 |  57.7 |      21 |      31 |  59.6
       D:15 |    7303 |    2988 |  29.0 |      26 |       4 |  13.3
     Lair:1 |    2477 |    1745 |  41.3 |       8 |       2 |  20.0
     Lair:2 |    4169 |     842 |  16.8 |      25 |       2 |   7.4
     Lair:3 |    3251 |    3935 |  54.8 |      14 |       4 |  22.2
     Lair:4 |    7701 |       0 |   0.0 |      25 |       0 |   0.0
     Lair:5 |    5442 |    1149 |  17.4 |      22 |       2 |   8.3
     Lair:6 |   17958 |   10216 |  36.3 |      57 |      27 |  32.1
    Swamp:1 |    9784 |       0 |   0.0 |      27 |       0 |   0.0
    Swamp:2 |   15791 |    2330 |  12.9 |      46 |       1 |   2.1
    Swamp:3 |   19468 |    5342 |  21.5 |      49 |       1 |   2.0
    Swamp:4 |    9125 |   21516 |  70.2 |      27 |      32 |  54.2
      Orc:1 |    2782 |    1095 |  28.2 |      28 |       1 |   3.4
      Orc:2 |    2777 |    6853 |  71.2 |      24 |      61 |  71.8
   Gauntlet |       0 |    4423 | 100.0 |       0 |       8 | 100.0
            +---------+---------+-------+---------+---------+-------
